 Dungeon Crawl Stone Soup version 0.22-a0-553-g9358b0b (webtiles) character file.

131961 Darkshadow the Severer (level 16, 0/151 HPs)
             Began as a Minotaur Berserker on June 23, 2018.
             Was a High Priest of Trog.
             Slain by a jumping spider (22 damage)
             ... on level 3 of the Spider Nest on June 25, 2018.
             The game lasted 02:23:28 (36592 turns).

Darkshadow the Severer (Minotaur Berserker)        Turns: 36592, Time: 02:23:28

Health: 0/151      AC: 26    Str: 23    XL:     16   Next: 56%
Magic:  5/5        EV: 18    Int:  4    God:    Trog [*****.]
Gold:   1941       SH:  4    Dex: 17    Spells: 15/15 levels left

rFire    . . .     SeeInvis +   a - +4 executioner's axe (antimagic)
rCold    . . .     Gourm    .   (shield currently unavailable)
rNeg     . . .     Faith    .   I - +8 chain mail of Ixky {rPois rCorr Int-4}
rPois    +         Spirit   .   (helmet restricted)
rElec    .         Reflect  +   g - +1 cloak of Spite {Dex+2 SInv}
rCorr    +         Harm     .   (no gloves)
MR       +....                  i - +0 pair of boots
Stlth    ..........             K - amulet "Gunnihuz" {Reflect +Inv rF+ rC- SH+4 Stlth+}
HPRegen  0.35/turn              m - +3 ring of intelligence
MPRegen  0.09/turn              F - ring of ice

@: very slightly contaminated
A: retaliatory headbutt, horns 2
a: Berserk, Trog's Hand, Brothers in Arms, Renounce Religion, Evoke Invisibility


You were on level 3 of the Spider Nest.
You worshipped Trog.
Trog was extremely pleased with you.
You were not hungry.

You visited 3 branches of the dungeon, and saw 24 of its levels.
You also visited: Sewer and Ice Cave.

You collected 2061 gold pieces.
You spent 120 gold pieces at shops.

Inventory:

Hand Weapons
 a - a +4 antimagic executioner's axe (weapon)
 b - a +1 fustibalus
 Z - a +2 battleaxe of venom
Missiles
 d - 794 stones (quivered)
 D - 198 sling bullets
Armour
 g - the +1 cloak of Spite (worn) {Dex+2 SInv}
   (You found it on level 3 of the Lair of Beasts)

   It affects your dexterity (+2).
   It lets you see invisible.
 i - a +0 pair of boots (worn)
 q - a +2 cloak of cold resistance
 I - the +8 chain mail of Ixky (worn) {rPois rCorr Int-4}
   (You found it on level 5 of the Dungeon)

   It affects your intelligence (-4).
   It protects you from poison.
   It protects you from acid and corrosion.
 O - a +2 chain mail of fire resistance
Jewellery
 m - a +3 ring of intelligence (left hand)
 F - a ring of ice (right hand)
 K - the amulet "Gunnihuz" (around neck) {Reflect +Inv rF+ rC- SH+4 Stlth+}
   (You acquired it on level 12 of the Dungeon)

   [amulet of reflection]

   It shields you and reflects attacks.
   It protects you from fire.
   It makes you vulnerable to cold.
   It lets you turn invisible.
   It affects your SH (+4).
   It makes you more stealthy.
 R - a +3 ring of evasion
Wands
 k - a wand of paralysis (14)
 P - a wand of iceblast (30)
 U - a wand of digging (26)
Scrolls
 e - 13 scrolls of identify {@r1}
 j - 2 scrolls of fog
 p - 6 scrolls of magic mapping
 s - 3 scrolls of fear
 v - 3 scrolls of blinking
 x - 13 scrolls of remove curse {@r2}
 A - 9 scrolls of teleportation
 L - a scroll of enchant armour
 N - 3 scrolls of enchant weapon
Potions
 f - 2 potions of berserk rage
 h - 4 potions of heal wounds
 l - 7 potions of flight
 n - 8 potions of agility
 o - 3 potions of brilliance
 r - a potion of experience {unknown}
 u - 15 potions of curing {@q1}
 C - 4 potions of might
 G - 2 potions of haste
 H - 4 potions of ambrosia
 J - a potion of magic {unknown}
 Q - a potion of resistance {unknown}
 V - a potion of invisibility {unknown}
 X - 6 potions of mutation
 Y - 3 potions of cancellation
Comestibles
 c - 29 rations
 t - 2 chunks of flesh


   Skills:
 + Level 15.8 Fighting
 * Level 20.6 Axes
 - Level 7.4 Slings
 + Level 15.5 Armour
 + Level 14.4 Dodging


You had 15 spell levels left.
You didn't know any spells.
Your spell library was empty.

Dungeon Overview and Level Annotations

Branches:
Dungeon (15/15)            Temple (0/1) D:7            Lair (6/6) D:11
 Shoals (0/4) Lair:3       Spider (3/4) Lair:4        Slime (0/5) Lair:6
    Orc (0/2) D:10         Vaults (0/5) D:13         Depths (0/5) D:15

Altars:
Ashenzari
Gozag
Hepliaklqana
Kikubaaqudgha
Makhleb
Nemelex Xobeh
Qazlal
Ru
Sif Muna
Trog
Vehumet
Xom
Zin
The Shining One

Shops:
D:4 !   D:10 [

Annotations:
Lair:5 exclusion: 3 oklob plants


Innate Abilities, Weirdness & Mutations

You reflexively headbutt those who attack you in melee.
You have a pair of horns on your head.


Message History

The wolf spider misses you. You furiously retaliate!
You headbutt the wolf spider, but do no damage.
The wolf spider bites you.
* * * LOW HITPOINT WARNING * * *
You block the redback's attack.
The jumping spider pounces on you but does no damage.
The jumping spider misses you. The jumping spider pounces on you!
* * * LOW HITPOINT WARNING * * *
The jumping spider bites you but does no damage.
The wolf spider misses you.
The wolf spider bites you but does no damage.
Blink to where?
Press: ? - help, Dir - move target cursor You are very lightly contaminated with residual magic.
As you read the scroll of blinking, it crumbles to dust.
You hear an angry hiss. x3
You hear an angry hiss.
You hear an angry hiss.
The jumping spider pounces on you!!
You die...

###.....#........y#...#.
#..(.^.........s........
#......#......ss......#.
#.....##....s.....†.....
#..^....s..s...##......
##...(..#######........
#.....#s...............
##..#.s.............^#.
#...##@.......##.#.....
###..#.#.....#.........
#.......#............
##..#<.....###......#>
#^..^.................
##.......#...........>
##..#............#...
##..?....#.......
#.....###..#...#.


You could see a wolf spider (berserk), a jumping spider (berserk) and a redback
(berserk).

Vanquished Creatures
  Arachne (Spider:3)
  2 ghost moths
  2 entropy weavers (Spider:2)
  Nessos (Lair:6)
  The ghost of Dakogu Jetz the Quickloader, a journeyman DsWn of Kikubaaqudgha (Lair:6)
  2 dire elephants
  Snorg (D:13)
  5 hydras
  Fannar (Lair:1)
  A centaur warrior (D:13)
  A catoblepas (Lair:6)
  6 two-headed ogres
  9 death yaks
  Urug (D:13)
  A deep elf knight (D:15)
  Nergalle (D:10)
  The ghost of Kogoro the Shield-Bearer, a novice GnFi of Makhleb (D:6)
  3 unseen horrors (D:15)
  2 deep elf archers (D:15)
  A wizard (D:15)
  The ghost of ultrashaft the Cleaver, a novice HOMo of Beogh (D:6)
  8 wolf spider zombies (Spider:3)
  An orc knight (D:15)
  A lindwurm (Lair:6)
  2 necromancers
  20 wolf spiders
  5 manticores
  5 ugly things (D:14)
  4 deep elf magi
  12 orb spiders
  A cyclops (D:15)
  A moth of wrath (Spider:1)
  An eye of devastation (Lair:6)
  7 black mambas
  5 elephants (Lair:5)
  A torpor snail (Spider:1)
  A guardian serpent (Lair:6)
  3 centaur zombies
  A water nymph (shapeshifter) (D:13)
  An ice statue (IceCv)
  2 spiny frogs (shapeshifter) (D:13)
  The ghost of dforspid the Covered, a novice DsFi (D:6)
  11 redback zombies (Spider:3)
  24 spiny frogs
  9 rime drakes
  11 freezing wraiths
  3 kobold demonologists
  An efreet (D:14)
  2 komodo dragons
  12 demonic crawlers
  32 jumping spiders
  5 trolls
  2 polar bears
  A dream sheep (shapeshifter) (D:15)
  7 hornets
  12 slime creatures
  8 blink frogs
  5 hippogriffs
  7 tarantella zombies (Spider:3)
  5 shadows
  14 tarantellas
  2 vampires
  4 wraiths
  42 redbacks
  Sigmund (D:6)
  28 yaks
  11 wyverns
  A hog (shapeshifter) (D:13)
  4 hogs
  A human (shapeshifter) (D:13)
  5 basilisks
  A human (D:7)
  3 hungry ghosts
  Grum (D:9)
  An acid dragon (D:15)
  25 water moccasins
  7 porcupines
  18 ice beasts
  A black bear (Lair:2)
  11 orc warriors
  9 sky beasts
  An alligator simulacrum (IceCv)
  2 necrophages
  3 ogres
  2 eyes of draining
  4 wolves
  A black mamba simulacrum (Lair:6)
  A crocodile (shapeshifter) (D:14)
  18 centaurs
  11 crocodiles
  9 big kobolds
  18 bullfrogs
  2 spiny frog simulacra (Lair:6)
  2 wyvern skeletons
  A hornet simulacrum (D:15)
  7 scorpions
  An elephant simulacrum (IceCv)
  A dream sheep simulacrum (Lair:6)
  3 electric eels
  7 wights
  2 howler monkeys
  A torpor snail simulacrum (Lair:6)
  4 crimson imps
  A bullfrog zombie (D:10)
  5 draconian simulacra (IceCv)
  A fire crab simulacrum (Lair:6)
  6 hounds
  5 jellies
  13 orc priests
  2 bullfrog skeletons
  3 centaur skeletons
  Jessica (D:2)
  3 iguanas
  4 orc wizards
  Natasha (twice) (D:2)
  3 spriggan simulacra (IceCv)
  12 worker ants
  A polar bear simulacrum (IceCv)
  3 troll simulacra (IceCv)
  A wolf simulacrum (IceCv)
  2 centaur simulacra (IceCv)
  A hound zombie (D:7)
  A hound skeleton (D:10)
  A worker ant zombie (D:11)
  14 adders
  3 naga simulacra (IceCv)
  7 river rats (Sewer)
  4 ogre simulacra (IceCv)
  3 shadow imps
  12 white imps (IceCv)
  3 oozes
  3 adder skeletons
  3 worms
  2 dart slugs
  3 leopard geckos
  55 orcs
  6 ball pythons
  7 giant cockroaches
  10 hobgoblins
  12 jackals
  7 quokkas
  6 bats
  3 frilled lizards
  2 goblins
  35 kobolds
  A leopard gecko zombie (D:5)
  A quokka zombie (D:5)
  24 rats
  8 fungi
  8 plants
888 creatures vanquished.

Vanquished Creatures (collateral kills)
  An ice beast (IceCv)
1 creature vanquished.

Vanquished Creatures (others)
  A bush (Lair:6)
  13 fungi
  15 plants
  4 withered plants (D:6)
33 creatures vanquished.

Grand Total: 922 creatures vanquished

Notes
Turn   | Place    | Note
-------+----------+-------------------------------------------
     0 | D:1      | Darkshadow the Minotaur Berserker began the quest for the Orb.
     0 | D:1      | Reached XP level 1. HP: 19/19 MP: 0/0
   200 | D:1      | Reached XP level 2. HP: 27/27 MP: 1/1
   612 | D:1      | You fall through a shaft!
   617 | D:2      | Reached skill level 4 in Axes
   642 | D:2      | Reached XP level 3. HP: 33/33 MP: 2/2
   648 | D:2      | Reached ** piety under Trog
   982 | D:2      | Noticed Jessica
  1001 | D:2      | Reached XP level 4. HP: 28/41 MP: 3/3
  1016 | D:2      | Killed Jessica
  1581 | D:2      | Noticed Natasha
  1596 | D:2      | Killed Natasha
  1681 | D:2      | Noticed Natasha
  1688 | D:2      | Killed Natasha
  1688 | D:2      | Reached XP level 5. HP: 39/47 MP: 4/4
  1752 | D:3      | Reached skill level 5 in Fighting
  1752 | D:3      | Reached skill level 5 in Axes
  1986 | D:3      | Found a sparkling altar of Nemelex Xobeh.
  2123 | D:3      | Reached XP level 6. HP: 46/56 MP: 5/5
  2807 | D:3      | Found a burning altar of Makhleb.
  2814 | D:3      | Found an ancient bone altar of Kikubaaqudgha.
  2814 | D:3      | Found a bloodstained altar of Trog.
  2815 | D:3      | Found a shattered altar of Ashenzari.
  2816 | D:3      | Found a deep blue altar of Sif Muna.
  2819 | D:3      | Found a glowing silver altar of Zin.
  3055 | D:4      | Reached *** piety under Trog
  3059 | D:4      | Reached skill level 6 in Axes
  3059 | D:4      | Reached XP level 7. HP: 49/61 MP: 6/6
  3070 | D:4      | Reached skill level 5 in Armour
  3240 | D:4      | Found Tubbiacuem's Distillery.
  3504 | D:5      | Entered Level 5 of the Dungeon
  3516 | D:5      | Found a glowing drain.
  3539 | Sewer    | Entered a sewer
  3863 | Sewer    | Reached **** piety under Trog
  3910 | Sewer    | Reached skill level 7 in Axes
  3910 | Sewer    | Reached skill level 5 in Dodging
  4116 | D:5      | Reached XP level 8. HP: 71/71 MP: 7/7
  4441 | D:5      | Got a distressingly furry chain mail
  4566 | D:5      | Reached skill level 8 in Axes
  5099 | D:6      | Got a warped war axe
  5397 | D:6      | Identified the +4 war axe of Strategic Superiority {chop, rN+} (You found it on level 6 of the Dungeon)
  5620 | D:6      | Found a runed gate.
  5621 | D:6      | Found a runed gate.
  5622 | D:6      | Found a runed gate.
  5623 | D:6      | Noticed Kogoro's ghost (novice GnFi)
  5623 | D:6      | Noticed ultrashaft's ghost (novice HOMo)
  5624 | D:6      | Noticed dforspid's ghost (novice DsFi)
  5776 | D:6      | Reached ***** piety under Trog
  5847 | D:6      | Reached skill level 9 in Axes
  6016 | D:6      | Identified the +8 chain mail of Ixky {rPois rCorr Int-4} (You found it on level 5 of the Dungeon)
  6016 | D:6      | Lost intelligence.
  6261 | D:6      | Noticed Sigmund
  6274 | D:6      | Killed Sigmund
  6274 | D:6      | Reached XP level 9. HP: 79/79 MP: 8/8
  6732 | D:7      | Found a radiant altar of Vehumet.
  6825 | D:7      | Reached skill level 10 in Axes
  6898 | D:7      | Found a stormy altar of Qazlal.
  6908 | D:7      | Found a staircase to the Ecumenical Temple.
  7418 | D:4      | Bought a potion of flight for 36 gold pieces
  7418 | D:4      | Bought a potion of curing for 36 gold pieces
  7418 | D:4      | Bought a potion of agility for 48 gold pieces
  7615 | D:8      | Noticed a two-headed ogre
  7639 | D:8      | Killed a two-headed ogre
  7639 | D:8      | Reached skill level 11 in Axes
  7639 | D:8      | Reached XP level 10. HP: 62/90 MP: 9/9
  7964 | D:8      | Found a shimmering altar of Xom.
  7966 | D:8      | Found a shimmering altar of Xom.
  7966 | D:8      | Found a shimmering altar of Xom.
  7966 | D:8      | Found a shimmering altar of Xom.
  8534 | D:9      | Noticed a manticore
  8544 | D:9      | Killed a manticore
  8650 | D:9      | Noticed Grum
  8675 | D:9      | Killed Grum
  8738 | D:9      | Found a glowing silver altar of Zin.
  9209 | D:9      | Found an opulent altar of Gozag.
  9270 | D:10     | Entered Level 10 of the Dungeon
  9303 | D:10     | Reached skill level 12 in Axes
  9407 | D:10     | Received a gift from Trog
  9550 | D:10     | Found a staircase to the Orcish Mines.
  9552 | D:10     | Found Mefrialu's Armour Boutique.
  9559 | D:10     | Reached skill level 10 in Fighting
  9573 | D:10     | Reached XP level 11. HP: 97/98 MP: 10/10
  9720 | D:10     | Noticed Nergalle
  9733 | D:10     | Killed Nergalle
  9808 | D:10     | Noticed a two-headed ogre
  9821 | D:10     | Killed a two-headed ogre
  9821 | D:10     | Reached skill level 13 in Axes
  9920 | D:10     | Found a hazy altar of Hepliaklqana.
 10135 | D:11     | Found a staircase to the Lair.
 10150 | D:11     | Reached skill level 10 in Armour
 10174 | D:11     | Found a frozen archway.
 10177 | D:11     | Noticed a two-headed ogre
 10187 | D:11     | Killed a two-headed ogre
 10202 | IceCv    | Entered an ice cave
 11148 | IceCv    | Reached skill level 14 in Axes
 11181 | IceCv    | Found an ancient bone altar of Kikubaaqudgha.
 11214 | IceCv    | Reached ****** piety under Trog
 11215 | IceCv    | Received a gift from Trog
 11657 | IceCv    | Noticed a necromancer
 11846 | IceCv    | Killed a necromancer
 11846 | IceCv    | Reached skill level 10 in Dodging
 12539 | IceCv    | Reached XP level 12. HP: 67/110 MP: 11/11
 13373 | D:11     | Found a glowing golden altar of the Shining One.
 14095 | D:12     | Noticed a two-headed ogre
 14110 | D:12     | Killed a two-headed ogre
 14536 | D:13     | Reached skill level 15 in Axes
 14604 | D:13     | Received a gift from Trog
 14781 | D:13     | Noticed a centaur warrior
 14794 | D:13     | Killed a centaur warrior
 14985 | D:12     | Identified a scroll of acquirement
 14988 | D:12     | Got a pitted crystal amulet
 14989 | D:12     | Identified the amulet "Gunnihuz" {Reflect +Inv rF+ rC- SH+4 Stlth+} (You acquired it on level 12 of the Dungeon)
 15016 | D:13     | Noticed Urug
 15033 | D:13     | Killed Urug
 15192 | D:13     | Found a glowing golden altar of the Shining One.
 15272 | D:13     | Noticed Snorg
 15283 | D:13     | Killed Snorg
 15411 | D:13     | Found a gate to the Vaults.
 15476 | D:13     | Noticed a two-headed ogre
 15479 | D:13     | Killed a two-headed ogre
 15479 | D:13     | Reached XP level 13. HP: 106/119 MP: 12/12
 15496 | D:13     | Reached skill level 16 in Axes
 15583 | D:13     | You fall through a shaft for 2 floors!
 15583 | D:15     | Entered Level 15 of the Dungeon
 16012 | D:15     | Found a sacrificial altar of Ru.
 16512 | D:14     | Reached skill level 1 in Slings
 17566 | D:15     | Received a gift from Trog
 17723 | D:15     | Noticed a dire elephant
 18260 | D:6      | Killed Kogoro's ghost
 18268 | D:6      | Killed ultrashaft's ghost
 18270 | D:6      | Killed dforspid's ghost
 18438 | Lair:1   | Entered Level 1 of the Lair of Beasts
 19124 | Lair:1   | Noticed Fannar
 19157 | Lair:1   | Killed Fannar
 19157 | Lair:1   | Reached skill level 17 in Axes
 20289 | Lair:3   | Reached XP level 14. HP: 129/129 MP: 4/13
 20318 | Lair:3   | Got a jewelled cloak
 20501 | Lair:3   | Found a staircase to the Shoals.
 21352 | Lair:4   | Found a hole to the Spider Nest.
 22508 | Lair:5   | Reached skill level 5 in Slings
 23006 | Lair:6   | Entered Level 6 of the Lair of Beasts
 23018 | Lair:6   | Noticed Nessos
 23174 | Lair:6   | Noticed Dakogu Jetz's ghost (journeyman DsWn)
 23217 | Lair:6   | Found a runed gate.
 23217 | Lair:6   | Found a runed gate.
 23217 | Lair:6   | Found a runed gate.
 23394 | Lair:5   | Received a gift from Trog
 23896 | Lair:6   | Received a gift from Trog
 23959 | Lair:6   | Reached skill level 18 in Axes
 24154 | Lair:6   | Found a staircase to the Slime Pits.
 25715 | Lair:5   | Identified the +1 cloak of Spite {Dex+2 SInv} (You found it on level 3 of the Lair of Beasts)
 25911 | Lair:6   | Killed Nessos
 27320 | Lair:6   | Reached XP level 15. HP: 114/138 MP: 4/14
 27538 | Lair:6   | Killed Dakogu Jetz's ghost
 27855 | Lair:6   | Got the ring of Eckul {Fire}
 27858 | Lair:6   | Got a sparkling lead amulet
 27889 | Lair:6   | Identified the amulet "Vutsuih" {rC+ Regen+ Str+6} (You found it on level 6 of the Lair of Beasts)
 27913 | Lair:6   | Upgraded the game from 0.22-a0-538-g76cc104 to 0.22-a0-553-g9358b0b
 28726 | D:15     | Received a gift from Trog
 29315 | D:15     | Reached skill level 19 in Axes
 29507 | D:15     | Found a staircase to the Depths.
 29735 | Spider:1 | Entered Level 1 of the Spider Nest
 31219 | Spider:2 | Noticed a ghost moth
 31330 | Spider:2 | Received a gift from Trog
 31697 | Spider:2 | Reached skill level 15 in Fighting
 32382 | Spider:1 | Killed a ghost moth
 33719 | Spider:1 | Reached XP level 16. HP: 144/149 MP: 5/15
 34044 | Spider:1 | Received a gift from Trog
 34044 | Spider:1 | Reached skill level 15 in Armour
 34468 | Spider:2 | Reached skill level 20 in Axes
 34762 | Spider:3 | Noticed Arachne
 34826 | Spider:3 | Killed Arachne
 35091 | Spider:3 | Received a gift from Trog
 36592 | Spider:3 | Slain by a jumping spider

Vault maps used:
D:1:      ncdulo_lavacross, minivault_24
D:2:      uniq_jessica, uniq_natasha
D:3:      cheibrodos_old_hovel, minitemple, nemelex_spade_bored_becter
D:4:      serial_shops, shop
D:5:      cheibrodos_sewer_entry_drain, first_ration
D:6:      gammafunk_ghost_cemetery, minmay_tree_intersection, uniq_sigmund
D:7:      vehumet_crystals, temple_green, grunt_livestock, hangedman_decor_push,
          nicolae_qazlal_general_emergency
D:8:      xom_shifter_show
D:9:      kennysheep_mini_moat, basic_altar, uniq_grum
D:10:     orc_david_3, basic_altar, kennysheep_generic_room_3, uniq_nergalle
D:11:     lair_entry_dummy, portal_ice_cave_entry_ice_beasts, st_stairs_7,
          tso_metal_star
D:13:     david_vaults_2, basic_altar, roderic_serpentine_path, hex_large,
          uniq_urug, uniq_snorg
D:14:     roderic_lattice_octagonal_star
D:15:     hangedman_depths_entry_try_elsewhere_first, hangedman_ru_absence,
          uniq_kirke
Lair:1:   patterned_corridor, grunt_megastairs_5, infiniplex_staircase_pool_2,
          serial_bayou_shore_a, uniq_fannar
Lair:3:   elwin_shoals_entry_rocks
Lair:4:   beast_lair_carwin_large_1, spider_nest_entry_webs
Lair:5:   serial_bayou_shore_b, minmay_lair_oklob_chamber
Lair:6:   hangedman_lair_in_review, hangedman_lair_tendril_chambers,
          minmay_slime_entry_eyes, gammafunk_ghost_icy, uniq_nessos
Spider:1: spider_trap, hangedman_spider_tarantella_strand
Spider:2: nicolae_spider_cling_ruins
Spider:3: lemuel_spider_zombies, hive_lemuel, uniq_arachne
Sewer:    sewer_minmay_treatment
IceCv:    ice_cave_small_necro

Skill      XL: |  1  2  3  4  5  6  7  8  9 10 11 12 13 14 15 16 |
---------------+-------------------------------------------------+-----
Fighting       | 4 5 6 7 8 10 11 12 13 14 15 | 15.8
Axes           | 4 5 6 7 9 11 12 14 15 17 18 19 20 | 20.6
Armour         | 3 4 5 6 8 9 10 12 13 14 15 | 15.5
Dodging        | 3 4 5 6 7 8 10 11 12 13 14 | 14.4
Slings         | 4 6 7 |  7.4

Action                   |  1- 3 |  4- 6 |  7- 9 | 10-12 | 13-15 | 16-18 || total
-------------------------+-------+-------+-------+-------+-------+-------++-------
Melee: Hand axe          |    73 |    86 |   129 |       |       |       ||   288
       Headbutt          |    12 |    22 |    54 |   129 |   283 |    84 ||   584
       War axe           |       |       |   135 |    90 |       |       ||   225
       Battleaxe         |       |       |       |   468 |   745 |       ||  1213
       Executioner's axe |       |       |       |       |   265 |   258 ||   523
       Fustibalus        |       |       |       |       |     1 |       ||     1
 Fire: Fustibalus        |       |       |    63 |   131 |   289 |    57 ||   540
Throw: Stone             |    12 |    13 |     6 |     3 |    13 |     7 ||    54
Invok: Berserk           |     1 |     3 |     4 |     7 |    12 |     2 ||    29
       Trog's Hand       |       |     1 |       |     2 |       |       ||     3
       Brothers in Arms  |       |       |       |     1 |       |       ||     1
Evoke: Wand              |       |       |       |       |    15 |       ||    15
  Use: Scroll            |       |       |    12 |    12 |     5 |     2 ||    31
       Potion            |       |       |       |     1 |     2 |       ||     3
 Stab: Distracted        |       |       |       |     1 |       |       ||     1
       Petrified         |       |       |       |       |     2 |       ||     2
       Petrifying        |       |       |       |       |     1 |       ||     1
  Eat: Chunk             |     1 |     9 |    10 |    17 |    40 |     5 ||    82
       Ration            |       |       |     3 |     5 |     8 |     2 ||    18
Armor: Animal skin       |    19 |       |       |       |       |       ||    19
       Scale mail        |       |    14 |       |       |       |       ||    14
       Plate armour      |       |     5 |   151 |    26 |       |       ||   182
       Chain mail        |       |       |    39 |   235 |   645 |   246 ||  1165
Dodge: Dodged            |    53 |    41 |   166 |   458 |   956 |   323 ||  1997
Block: Other             |       |       |       |     5 |   204 |    72 ||   281
       Reflection        |       |       |       |       |     4 |     2 ||     6

Table legend:
 A = Spawn XP
 B = Non-spawn XP
 C = Spawn XP percentage of total XP
 D = Spawn monster count
 E = Non-spawn monster count
 F = Spawn count percentage of total count
 G = Total turns spent on level
                    A         B        C        D         E        F      G
               +---------+---------+-------+---------+---------+-------+---------
         Total |       0 |  188517 |   0.0 |       0 |     873 |   0.0 | 36592
               +---------+---------+-------+---------+---------+-------+---------
           D:1 |       0 |      31 |   0.0 |       0 |      16 |   0.0 |   826
           D:2 |       0 |     193 |   0.0 |       0 |      31 |   0.0 |   906
           D:3 |       0 |     330 |   0.0 |       0 |      24 |   0.0 |  1327
           D:4 |       0 |     357 |   0.0 |       0 |      13 |   0.0 |   481
           D:5 |       0 |     522 |   0.0 |       0 |      24 |   0.0 |  1351
           D:6 |       0 |    2942 |   0.0 |       0 |      31 |   0.0 |  1597
           D:7 |       0 |    1279 |   0.0 |       0 |      17 |   0.0 |   554
           D:8 |       0 |    2267 |   0.0 |       0 |      18 |   0.0 |  1118
           D:9 |       0 |    1901 |   0.0 |       0 |      25 |   0.0 |   849
          D:10 |       0 |    5037 |   0.0 |       0 |      31 |   0.0 |   890
          D:11 |       0 |    3741 |   0.0 |       0 |      39 |   0.0 |   932
          D:12 |       0 |    4556 |   0.0 |       0 |      30 |   0.0 |  1020
          D:13 |       0 |   12941 |   0.0 |       0 |      61 |   0.0 |  1674
          D:14 |       0 |    5699 |   0.0 |       0 |      21 |   0.0 |  1158
          D:15 |       0 |   16100 |   0.0 |       0 |      52 |   0.0 |  2105
        Lair:1 |       0 |    5592 |   0.0 |       0 |      21 |   0.0 |   913
        Lair:2 |       0 |    5307 |   0.0 |       0 |      18 |   0.0 |  1000
        Lair:3 |       0 |    2609 |   0.0 |       0 |      10 |   0.0 |   777
        Lair:4 |       0 |    4869 |   0.0 |       0 |      15 |   0.0 |  1310
        Lair:5 |       0 |   10077 |   0.0 |       0 |      27 |   0.0 |  2484
        Lair:6 |       0 |   29391 |   0.0 |       0 |      81 |   0.0 |  3229
      Spider:1 |       0 |   19770 |   0.0 |       0 |      53 |   0.0 |  3665
      Spider:2 |       0 |   21611 |   0.0 |       0 |      54 |   0.0 |  2322
      Spider:3 |       0 |   24959 |   0.0 |       0 |      59 |   0.0 |   870
         Sewer |       0 |     480 |   0.0 |       0 |      48 |   0.0 |   559
         IceCv |       0 |    5956 |   0.0 |       0 |      54 |   0.0 |  2675
               +---------+---------+-------+---------+---------+-------+---------
